 Dungeon Crawl Stone Soup version 0.31.0-4-g52a2dc7128 (console) character file.

Game seed: 13884717234491499079

7004 AlterAsc the Grappler (level 11, -1/68 HPs)
             Began as a Tengu Shapeshifter on Jan 21, 2024.
             Slain by a black mamba (6 damage)
             ... on level 1 of the Lair of Beasts.
             The game lasted 00:30:12 (10927 turns).

AlterAsc the Grappler (Tengu Shapeshifter)         Turns: 10927, Time: 00:30:12

Health: -1/68      AC:  0    Str: 16    XL:     11   Next: 8%
Magic:  12/12      EV: 25    Int: 12    God:
Gold:   656        SH:  0    Dex: 21    Spells: 10/10 levels left

rFire   . .          .
                       - Unarmed
rCold   . . .        (shield currently unavailable)
rNeg    . . .        (body armour currently unavailable)
rPois   +            (helmet restricted)
rElec   .            (no cloak)
rCorr   .            (no gloves)
SInv    .            (boots unavailable)
Will    .....        (no amulet)
Stlth   +            j - ring of poison resistance
HPRegen 0.31/turn    A - +6 ring of dexterity
MPRegen 0.13/turn

%: acrobat
@: flux-form, flying, hasted (expiring), glowing, very quick
A: glow, contaminating, flying, beak, talons 3, evasive flight, acrobatic
a: Begin Untransformation


You were on level 1 of the Lair of Beasts.
You were something dangerously unstable.
You visited 2 branches of the dungeon, and saw 11 of its levels.

You collected 656 gold pieces.

Inventory:

Missiles
 f - 158 stones (quivered)
 r - 28 poisoned darts
 t - a curare-tipped dart
Armour
 a - a +0 animal skin
 k - an orb of energy
 m - a +0 scale mail
 w - a scarf of repulsion
Jewellery
 j - a ring of poison resistance (left hand)
 A - a +6 ring of dexterity (right hand)
 G - a +6 ring of strength
Talismans
 c - a beast talisman
 d - a flux talisman (active)
Wands
 n - a wand of flame (56)
 o - a wand of paralysis (12)
 q - a wand of mindburst (26)
Scrolls
 g - a scroll of torment {unknown}
 l - a scroll of immolation
 p - 2 scrolls of poison
 s - a scroll of fear
 u - 4 scrolls of enchant armour
 x - 2 scrolls of revelation
 y - 3 scrolls of amnesia
 C - 4 scrolls of noise
 H - a scroll of brand weapon {unknown}
 I - a scroll of vulnerability {unknown}
Potions
 b - 4 potions of lignification
 e - 3 potions of invisibility
 h - 2 potions of mutation {unknown}
 i - a potion of ambrosia {unknown}
 v - 3 potions of enlightenment
 z - 2 potions of curing {unknown}
 D - 2 potions of cancellation


   Skills:
 + Level 7.7 Fighting
 + Level 7.6 Dodging
 * Level 11.2 Unarmed Combat
 * Level 8.1 Shapeshifting


You had 10 spell levels left.
You didn't know any spells.
Your spell library contained the following spells:

 Spells                   Type           Power      Damage    Failure   Level
 Sting                    Conj/Alch      0%         1d3       32%         1
 Ensorcelled Hibernation  Hex/Ice        0%         N/A       45%         2
 Mercury Vapours          Alch/Air       0%         N/A       45%         2
 Mephitic Cloud           Conj/Alch/Air  0%         N/A       69%         3
 Passwall                 Erth           0%         N/A       69%         3
 Swiftness                Air            0%         N/A       69%         3
 Olgreb's Toxic Radiance  Alch           0%         N/A       97%         4
 Freezing Cloud           Conj/Ice/Air   0%         6-21      100%        5
 Ozocubu's Refrigeration  Ice            0%         4d7       100%        7
 Discord                  Hex            0%         N/A       100%        8


Dungeon Overview and Level Annotations

Branches:
Dungeon (10/15)            Temple (0/1) D:5            Lair (1/5) D:10
    Orc: D:9-12

Altars:
Elyvilon
Gozag
Hepliaklqana
Makhleb
Qazlal
Vehumet
The Shining One

Shops:
D:9 **   D:10 *

Portals:
Trove: D:10 (show slimy rune of Zot)

Annotations:
D:2 Sigmund
D:9 1 exclusion


Innate Abilities, Weirdness & Mutations

You are something dangerously unstable.
You glow with magical radiation, making you easy to see and hit.
Foes you strike become dangerously contaminated with magical radiation.
You are flying.
You are incapable of wielding weapons or throwing items.
You have a beak for a mouth.
You have claws for feet.
Your magical flight helps you evade attacks. (EV +4)
You can magically evade attacks while moving or waiting.


Message History

The death yak shudders as magic cascades through it.
The death yak twists and deforms.
The death yak is heavily wounded.
You barely miss the death yak. You claw the death yak. You peck the death yak.
The death yak is heavily wounded.
The death yak misses you.
Found 4 poisoned darts.
Found a chain mail.
Found 12 gold pieces.
r - 28 poisoned darts (gained 4)
A black mamba comes into view.
You see here a cane toad skeleton.
Things that are here:
a yak skeleton; a yak skeleton Your extra speed is starting to run out.
Okay, then.
You hit the black mamba.
The black mamba begins to glow.
You peck the black mamba, but do no damage.
The black mamba is lightly wounded.
The black mamba bites you!
* * * LOW HITPOINT WARNING * * *
You closely miss the black mamba.
The black mamba is lightly wounded.
The black mamba misses you.
You hit the black mamba.
The black mamba glows dangerously bright.
You peck the black mamba.
The black mamba is moderately wounded.
You punch the black mamba!
The black mamba shudders as magic cascades through it!
The black mamba twists and deforms.
You claw the black mamba.
The black mamba is severely wounded.
The black mamba bites you!
* * * LOW HITPOINT WARNING * * *
You barely miss the black mamba. You claw the black mamba.
The black mamba is almost dead.
The black mamba bites you.
* * * LOW HITPOINT WARNING * * *
The black mamba bites you.
You die...

.....# ♣....♣♣ ....... ..
.P$..P.♣... .# ..8♣♣.....#
.# ..♣[♣....# #.P
..♣♣♣....# #.# .PY..P.♣.#
#.# .......♣.# ### #.#
.........##########.####.#
.........Y÷÷...Sp........#
..........##########.##..##
####.#....# ####..P#
###P...# #..## ##...# #..##
#...# #...# #...# ### #.<##
######...########.####..#
##...##..................#
.........................#
##.####.##########.#.#####


You could see a death yak (misshapen) and a black mamba (misshapen).

Vanquished Creatures
  2 cane toads
  A kobold demonologist (D:9)
  A troll (D:10)
  A polar bear (Lair:1)
  A wyvern (D:10)
  A steam dragon (D:10)
  11 yaks
  5 water moccasins
  An acid dragon (D:8)
  3 orc warriors
  Duvessa (D:5)
  An ice beast (D:6)
  A sky beast (D:7)
  An ogre (D:6)
  4 centaurs
  A phantom (D:4)
  2 kobold brigands
  4 bullfrogs
  3 gnoll sergeants
  5 scorpions
  Dowan (D:5)
  5 killer bees (D:8)
  A howler monkey (D:10)
  4 hounds
  3 jellies
  2 orc priests (D:9)
  2 bombardier beetles
  A gnoll bouda (D:6)
  3 iguanas
  5 orc wizards
  18 gnolls
  2 river rats (D:3)
  3 adders
  2 shadow imps
  A white imp (D:6)
  4 ufetubi (D:7)
  14 ribbon worms
  37 orcs
  9 endoplasms
  5 giant cockroaches
  10 goblins
  5 hobgoblins
  4 jackals
  35 kobolds
  5 quokkas
  4 ball pythons
  8 bats
  6 frilled lizards
  2 rats (D:1)
251 creatures vanquished.

Notes
Turn   | Place    | Note
-------+----------+-------------------------------------------
     0 | D:1      | AlterAsc the Tengu Shapeshifter began the quest for the
                  | Orb.
     0 | D:1      | Reached XP level 1. HP: 12/12 MP: 2/2
   133 | D:1      | Reached XP level 2. HP: 16/16 MP: 3/3
   201 | D:1      | Found a faded altar of an unknown god.
   403 | D:1      | Reached XP level 3. HP: 21/21 MP: 4/4
   963 | D:2      | Reached skill level 4 in Unarmed Combat
  1053 | D:2      | Noticed Sigmund
  1277 | D:3      | Reached XP level 4. HP: 26/26 MP: 5/5
  1499 | D:3      | Noticed a centaur
  1511 | D:3      | Killed a centaur
  1512 | D:3      | Reached XP level 5. HP: 31/32 MP: 6/6
  1629 | D:3      | You fall into a shaft and drop 3 floors!
  1719 | D:5      | Entered Level 5 of the Dungeon
  1719 | D:5      | Noticed Duvessa
  1719 | D:5      | Noticed Dowan
  2634 | D:4      | Reached skill level 5 in Unarmed Combat
  2634 | D:4      | Reached XP level 6. HP: 37/37 MP: 7/7
  3021 | D:4      | Found a radiant altar of Vehumet.
  3032 | D:4      | Gained mutation: Your magical flight helps you evade
                  | attacks. (EV +4) [Tengu growth]
  3032 | D:4      | Reached XP level 7. HP: 28/43 MP: 8/8
  3393 | D:4      | Found a burning altar of Makhleb.
  3393 | D:4      | Found a glowing golden altar of the Shining One.
  3728 | D:5      | Reached skill level 6 in Unarmed Combat
  3786 | D:5      | Found a white marble altar of Elyvilon.
  3803 | D:5      | Killed Dowan
  4051 | D:5      | Killed Duvessa
  4234 | D:5      | Reached skill level 5 in Fighting
  4234 | D:5      | Reached XP level 8. HP: 46/49 MP: 9/9
  4346 | D:5      | Found a staircase to the Ecumenical Temple.
  5000 | D:6      | Reached skill level 7 in Unarmed Combat
  5094 | D:6      | Reached skill level 5 in Dodging
  5185 | D:6      | Reached skill level 5 in Shapeshifting
  5448 | D:6      | Found an opulent altar of Gozag.
  5508 | D:6      | Reached XP level 9. HP: 39/55 MP: 10/10
  5584 | D:6      | Reached skill level 8 in Unarmed Combat
  6849 | D:8      | Reached skill level 9 in Unarmed Combat
  7136 | D:8      | Noticed a boulder beetle
  7964 | D:9      | Noticed a kobold demonologist
  7972 | D:9      | Killed a kobold demonologist
  7973 | D:9      | Reached XP level 10. HP: 43/61 MP: 11/11
  8168 | D:9      | Found Qiov Gac's General Store.
  8179 | D:9      | Found Amony's Specific Store.
  8311 | D:9      | Noticed an ice dragon
  8365 | D:10     | Entered Level 10 of the Dungeon
  8512 | D:10     | Found Tifomoc's Overcharged Wands.
  8611 | D:10     | Found a portal to a secret trove of treasure.
  8958 | D:10     | Found a staircase to the Lair.
  9121 | D:10     | Found a hazy altar of Hepliaklqana.
  9121 | D:10     | Found a stormy altar of Qazlal.
  9237 | D:10     | Reached skill level 10 in Unarmed Combat
  9434 | D:10     | HP: 4/94 [yak (5)]
 10471 | Lair:1   | Entered Level 1 of the Lair of Beasts
 10542 | Lair:1   | Noticed a cane toad
 10548 | Lair:1   | Killed a cane toad
 10551 | Lair:1   | Noticed a cane toad
 10587 | D:10     | Killed a cane toad
 10588 | D:10     | Reached skill level 11 in Unarmed Combat
 10588 | D:10     | Reached XP level 11. HP: 16/67 MP: 12/12
 10871 | Lair:1   | Noticed a death yak
 10871 | Lair:1   | Noticed a death yak
 10872 | Lair:1   | Noticed a death yak
 10927 | Lair:1   | Slain by a black mamba

Illustrated notes

Levels and vault maps discovered:
D:1:      dpeg_arrival_tiny_b, layout_basic,
          shapermc_ecumenical_altar_mp_ritualfount
D:2:      layout_basic, uniq_sigmund
D:3:      wad_lake_hut, layout_loops_corners, lightli_sewer_entry_pipes,
          hangedman_decor_riveting
D:4:      kennysheep_kobold_camp, layout_basic, vehumet_altar_wand_db,
          jmf_multi_god_temple, minmay_misc_feat_chi, nicolae_wormholes
D:5:      layout_loops_corners, mainiacjoe_overflow_brackets, temple_green,
          uniq_duvessa
D:6:      layout_loops_ring, nicolae_gozag_seed_capital,
          chequers_serial_rivers_room_b, grunt_ministairs_14
D:7:      layout_loops_corners
D:8:      layout_loops_ring
D:9:      dragon1_lemuel, layout_basic, enter_bailey_7,
          hangedman_decor_opposing, nicolae_specific_store,
          minmay_tree_intersection
D:10:     layout_gridville, amethyst_overflow_temple_binary, lair_entry_dummy,
          nicolae_trove_entry_crossroad, nicolae_shop_overcharged_wands
Lair:1:   layout_long_grid, grunt_forest_small_clearing_treed

Skill      XL: |  1  2  3  4  5  6  7  8  9 10 |
---------------+-------------------------------+-----
Fighting       | 2 3 4 5 6 7 |  7.7
Unarmed Combat | 4 5 6 7 9 11 | 11.2
Shapeshifting  | 3 4 5 6 8 |  8.1
Dodging        | 3 4 5 6 7 |  7.6

Action                     |  1- 3 |  4- 6 |  7- 9 | 10-12 || total
---------------------------+-------+-------+-------+-------++-------
  Melee: Unarmed           |    80 |   159 |   315 |   161 ||   715
         Kick              |    16 |    44 |   104 |    64 ||   228
         Peck              |     9 |    25 |    65 |    33 ||   132
         Punch             |     1 |     7 |    17 |    15 ||    40
  Throw: Dart              |       |       |     1 |       ||     1
  Evoke: Wand              |       |       |       |     1 ||     1
    Use: Scroll            |     1 |       |    12 |     4 ||    17
         Potion            |       |       |       |     5 ||     5
 Armour: Animal skin       |    18 |       |       |       ||    18
         Scale mail        |     7 |    67 |   128 |    68 ||   270
         Skin              |       |       |       |    24 ||    24
  Dodge: Dodged            |    53 |    96 |   249 |   168 ||   566
   Form: Flux              |       |       |       |     1 ||     1
